 Dungeon Crawl Stone Soup version 0.31-a0-229-g1fc7ce93e2 (webtiles) character file.

Game seed: 18276571490439733371

203 qw the Shooter (level 5, -7/45 HPs)
             Began as a Minotaur Hexslinger on July 6, 2023.
             Killed by divine providence
             ... invoked by an orc priest
              (13 damage)
             ... on level 4 of the Dungeon.
             The game lasted 00:01:06 (2571 turns).

qw the Shooter (Minotaur Hexslinger)                Turns: 2571, Time: 00:01:07

Health: -7/45      AC:  5    Str: 12    XL:     5   Next: 51%
Magic:  5/5        EV: 10    Int: 10    God:
Gold:   231        SH:  0    Dex: 13    Spells: 5/6 levels left

rFire   + . .        Y - +1 sling
rCold   . . .        (no shield)
rNeg    . . .        h - +0 ring mail
rPois   .            (helmet restricted)
rElec   .            (no cloak)
rCorr   .            (no gloves)
SInv    +            (no boots)
Will    +....        (no amulet)
Stlth   +            d - ring of see invisible
HPRegen 0.27/turn    f - ring of protection from fire
MPRegen 0.09/turn

%: no passive effects
@: no status effects
A: horns 2, retaliatory headbutt, clumsy 1, strong-willed 1
a: no special abilities


You were on level 4 of the Dungeon.
You visited 1 branch of the dungeon, and saw 4 of its levels.

You collected 231 gold pieces.


Innate Abilities, Weirdness & Mutations

You have a pair of horns on your head.
You reflexively headbutt those who attack you in melee.
You are clumsy. (Dex -2)
You are strong-willed. (Will+)


   Skills:
 - Level 3.0 Fighting
 + Level 5.6 Ranged Weapons
 - Level 1.4 Armour
 - Level 2.1 Dodging
 - Level 1.0 Spellcasting
 - Level 2.0 Hexes


You had 5 spell levels left.
You knew the following spells:

 Your Spells              Type           Power      Damage    Failure   Level
a - Slow                  Hex            16%        N/A       32%         1

Your spell library contained the following spells:

 Spells                   Type           Power      Damage    Failure   Level
 Inner Flame              Hex/Fire       2%         N/A       83%         3
 Portal Projectile        Hex/Tloc       4%         N/A       83%         3
 Cause Fear               Hex            2%         N/A       97%         4

Inventory:

Hand Weapons
 Y - a +1 sling (weapon)
Armour
 h - a +0 ring mail (worn)
Jewellery
 d - a ring of see invisible (left hand)
 f - a ring of protection from fire (right hand)
Scrolls
 a - a scroll of identify
Potions
 b - a potion of curing
 e - a potion of enlightenment
 i - a potion of mutation

Dungeon Overview and Level Annotations

Branches:
Dungeon (4/15)
 Temple: D:4-7

Altars:
Elyvilon
Hepliaklqana
Yredelemnul
The Shining One

Annotations:
D:3 1 runed translucent door


Message History

Beogh smites you! The orc hits you but does no damage.
You shoot a sling bullet. The sling bullet barely misses the orc.
The orc hits you with a +0 whip.
The orc priest looks satisfied for a moment.
The orc hits you with a +0 whip.
You shoot a sling bullet. The sling bullet hits the orc!
You kill the orc!
The orc priest calls down the wrath of Beogh upon you.
The orc wizard writhes in agony!
You shoot a sling bullet.
The sling bullet barely misses the orc wizard.
The orc wizard hits you but does no damage.
You shoot a sling bullet.
The sling bullet barely misses the orc wizard.
The orc wizard hits you but does no damage.
The orc priest mumbles some strange prayers to Beogh against you.
The orc wizard writhes in agony.
You shoot a sling bullet. The sling bullet hits the orc wizard.
The orc wizard is almost dead.
The orc wizard hits you but does no damage.
You shoot a sling bullet. The sling bullet hits the orc wizard.
You kill the orc wizard!
The orc priest hits you with a +0 hand axe.
You shoot a sling bullet.
The sling bullet hits the orc priest but does no damage.
The orc priest is moderately wounded.
The orc priest hits you with a +0 hand axe.
You shoot a sling bullet.
The sling bullet barely misses the orc priest.
The orc priest hits you with a +0 hand axe.
You shoot a sling bullet.
The sling bullet closely misses the orc priest.
The orc priest completely misses you.
The orc priest hits you with a +0 hand axe.
You shoot a sling bullet.
The sling bullet hits the orc priest but does no damage.
The orc priest is moderately wounded.
The orc priest calls down the wrath of Beogh upon you.
Beogh smites you!
You die...

........# #........
........# #.#######
........## #####.#####
#...#...###.........#
#........##.###.###.###
#...#...###.# #........
#......%...# #.###.##.
#####.###### #........
#@# #%###.##. #o#
#.##.. .>. #.##.# .....
#.##.###. .......
#........
.........####....####
+.........+...........
#.........####....####
##.#.#


You could see an orc priest.

Vanquished Creatures
  An orc priest (D:3)
  A human zombie (D:3)
  An orc wizard (D:4)
  5 adders
  3 worms
  4 dart slugs
  6 orcs
  6 endoplasms
  3 giant cockroaches
  3 goblins
  4 hobgoblins
  3 jackals (D:1)
  2 quokkas
  10 ball pythons
  6 bats
  5 frilled lizards
  A goblin skeleton (D:3)
  6 kobolds
  3 rats
73 creatures vanquished.

Notes
Turn   | Place    | Note
-------+----------+-------------------------------------------
     0 | D:1      | qw the Minotaur Hexslinger began the quest for the Orb.
     0 | D:1      | Reached XP level 1. HP: 16/16 MP: 1/1
     0 | D:1      | 0 ||| qw: Version: 0.3-a-46-gb1f654a
     0 | D:1      | 0 ||| qw: Game counter: 1253
     0 | D:1      | 0 ||| qw: Melee chars always use a shield: true
     0 | D:1      | 0 ||| qw: God list: Okawaru
     0 | D:1      | 0 ||| qw: Allow faded altars: false
     0 | D:1      | 0 ||| qw: Do Orc after clearing Dungeon:15 true
     0 | D:1      | 0 ||| qw: Do second Lair branch before Depths: true
     0 | D:1      | 0 ||| qw: Lair rune preference: random
     0 | D:1      | 0 ||| qw: Goals: Normal
     0 | D:1      | 0 ||| PLANNING D:1-11
    14 | D:1      | 14 ||| FLEEEEING.
    15 | D:1      | 15 ||| FLEEEEING.
    95 | D:1      | Found a faded altar of an unknown god.
   162 | D:1      | Reached skill level 3 in Ranged Weapons
   166 | D:1      | Reached XP level 2. HP: 23/23 MP: 2/2
   818 | D:1      | 818 ||| UPGRADING to +0 leather armour.
   828 | D:1      | 828 ||| DROPPING +0 robe.
   829 | D:1      | 829 ||| UPGRADING to +0 ring mail.
   839 | D:1      | 839 ||| DROPPING +0 leather armour.
   840 | D:1      | 840 ||| UPGRADING to ring of see invisible.
   841 | D:1      | 841 ||| UPGRADING to ring of protection from fire.
   842 | D:1      | 842 ||| DROPPING ring of magical power.
   843 | D:1      | 843 ||| READING 2 scrolls labelled XOGHOL SIGHUUN.
   844 | D:1      | 844 ||| DROPPING scroll of poison.
   868 | D:2      | 868 ||| STAIRDANCE
   871 | D:1      | Reached XP level 3. HP: 23/29 MP: 3/3
   903 | D:2      | 903 ||| STAIRDANCE
   908 | D:1      | Reached skill level 4 in Ranged Weapons
  1014 | D:2      | Found a white marble altar of Elyvilon.
  1021 | D:2      | Reached skill level 1 in Armour
  1191 | D:2      | Reached XP level 4. HP: 36/36 MP: 4/4
  1606 | D:2      | 1606 ||| READING scroll labelled TYKHAQE NICOSS.
  1607 | D:2      | 1607 ||| READING scroll labelled CIARCH ZOGORPH.
  1608 | D:2      | 1608 ||| READING scroll labelled MIGGOU JIST.
  1609 | D:2      | 1609 ||| READING scroll labelled GAHIUDEV FEQA.
  1920 | D:3      | 1920 ||| Stepping ~*~*~tactically~*~*~ (outnumbered).
  1936 | D:3      | Reached skill level 5 in Ranged Weapons
  1936 | D:3      | Reached XP level 5. HP: 24/41 MP: 5/5
  2121 | D:3      | Found a runed translucent door.
  2121 | D:3      | Noticed a human
  2162 | D:3      | Found a basalt altar of Yredelemnul.
  2223 | D:3      | Found a hazy altar of Hepliaklqana.
  2280 | D:3      | Reached skill level 3 in Fighting
  2419 | D:3      | Found a glowing golden altar of the Shining One.
  2492 | D:3      | 2492 ||| READING 2 scrolls labelled HYIR ZAVVER.
  2493 | D:3      | 2493 ||| DRINKING 2 black potions.
  2494 | D:3      | 2494 ||| DRINKING 2 glowing cyan potions.
  2494 | D:3      | Gained mutation: You are strong-willed. (Will+) [potion of
                  | mutation]
  2494 | D:3      | Gained mutation: You are clumsy. (Dex -2) [potion of
                  | mutation]
  2495 | D:3      | 2495 ||| READING 2 scrolls of identify.
  2495 | D:3      | 2495 ||| IDENTIFYING inky potion
  2496 | D:3      | 2496 ||| DROPPING scroll of blinking.
  2569 | D:4      | HP: 8/45 [orc priest/+0 hand axe (5)]
  2571 | D:4      | Killed from afar by an orc priest

Levels and vault maps discovered:
D:1:      dpeg_arrival_rhombus, layout_basic,
          shapermc_ecumenical_altar_mp_ritualfount
D:2:      layout_loops_cross, basic_altar, grunt_decor_mini_mirrors,
          grunt_ministairs_7, nrook_mini_backslash, dreamdust_wishing_well,
          minmay_pentomino_o4
D:3:      layout_loops_cross, mainiacjoe_overflow_paths,
          nicolae_overflow_crystal_walls, dk_yredelemnul_ordeal
D:4:      layout_loops_corners, nicolae_qazlal_eye_of_the_storm,
          general_overflow_altar, kennysheep_mini, minmay_misc_feat_alley,
          serial_bayou_pond_d

Skill      XL: |  1  2  3  4  5 |
---------------+----------------+-----
Ranged Weapons | 3 4 5 |  5.6
Fighting       | 2 3 |  3.0
Armour         | 1 |  1.4
Dodging        | |  2.1
Spellcasting   | |  1.0
Hexes          | |  2.0

Action                     |  1- 3 |  4- 6 || total
---------------------------+-------+-------++-------
   Fire: Sling             |   107 |   155 ||   262
    Use: Scroll            |     1 |     6 ||     7
         Potion            |       |     2 ||     2
 Armour: Robe              |     5 |       ||     5
         Ring mail         |     7 |    22 ||    29
  Dodge: Dodged            |    44 |    41 ||    85

Table legend:
 A = Non-vault XP
 B = Vault XP
 C = Vault XP percentage of total XP
 D = Non-vault monster count
 E = Vault monster count
 F = Vault count percentage of total count
                 A         B        C        D         E       F
            +---------+---------+-------+---------+---------+-------
      Total |     213 |      78 |  26.8 |      66 |       7 |   9.6
            +---------+---------+-------+---------+---------+-------
        D:1 |      38 |      27 |  41.5 |      22 |       2 |   8.3
        D:2 |      53 |       9 |  14.5 |      22 |       3 |  12.0
        D:3 |      95 |      42 |  30.7 |      17 |       2 |  10.5
        D:4 |      27 |       0 |   0.0 |       5 |       0 |   0.0
            +---------+---------+-------+---------+---------+-------
